[Event "Team 45 45 League T26"]
[Site "Internet Chess Club"]
[Date "2005.04.14"]
[Round "4"]
[White "donking"]
[Black "BillyNoMates"]
[Result "1-0"]
[WhiteElo "1821"]
[BlackElo "1798"]
[TimeControl "2700+45"]

1. e4 e6 2. d4 d5 3. e5 c5 4. c3 Nc6 5. Nf3 Qb6 6. Bd3 Bd7 7. dxc5 Bxc5 8. O-O
Qc7 9. b4 Bb6 10. a4 a6 11. Bf4 Nge7 12. h3 Ng6 13. Bh2 O-O 14. Qe2 f6 15. Nbd2
fxe5 16. Bxg6 hxg6 17. Nxe5 Nxe5 18. Bxe5 Qd8 19. a5 Ba7 20. Qg4 Qe8 21. Nf3 Bb5
22. Rfe1 Bd3 23. Nd4 Qf7 24. Qg3 Be4 25. c4 Rfe8 26. c5 Bb8 27. f3 Bf5 28. Bxb8
Raxb8 29. Qe5 Kh8 30. Rad1 g5 31. g4 Bh7 32. Qxg5 e5 33. Rxe5 Rxe5 34. Qxe5 Re8
35. Qg3 Re3 36. Re1 Rd3 37. Qe5 Bg8 38. f4 Rxh3 39. Kg2 Rh6 40. f5 Qd7 41. g5
Rh4 42. g6 Qd8 43. Qg3 Rh5 44. Rh1 Rxh1 45. Kxh1 {Black resigns} 1-0

[Event "Team 45 45 League T26"]
[Site "Internet Chess Club"]
[Date "2005.04.09"]
[Round "4"]
[White "gartman"]
[Black "mickeys"]
[Result "0-1"]
[WhiteElo "1636"]
[BlackElo "1674"]
[TimeControl "2700+45"]

1. e4 c5 2. Nf3 Nc6 3. d4 cxd4 4. Nxd4 Nf6 5. Nc3 d6 6. Bg5 e6 7. Qd2 Be7 8.
O-O-O a6 9. f3 Qc7 10. g4 h6 11. Be3 Ne5 12. Be2 Bd7 13. h4 Nc4 14. Bxc4 Qxc4
15. g5 Ng8 16. f4 O-O-O 17. b3 Qc7 18. f5 e5 19. Nde2 Bc6 20. Nd5 Bxd5 21. exd5
Kb8 22. Qb4 Rc8 23. Rd2 hxg5 24. Bb6 Qd7 25. Rh3 gxh4 26. Ng3 Bg5 27. Ne4 Bxd2+
28. Kxd2 Qxf5 29. Nxd6 Qxc2+ 30. Ke3 Rc3+ {White resigns} 0-1

[Event "Team 45 45 League T26"]
[Site "Internet Chess Club"]
[Date "2005.04.08"]
[Round "4"]
[White "allanchs"]
[Black "PostMike"]
[Result "1-0"]
[WhiteElo "1641"]
[BlackElo "1472"]
[TimeControl "2700+45"]

1. e4 c5 2. Nf3 d6 3. d4 cxd4 4. Nxd4 g6 5. Be3 Nf6 6. f3 Bg7 7. Nc3 a6 8. Qd2
O-O 9. O-O-O Nc6 10. Nb3 b5 11. Nd5 Nxd5 12. Qxd5 Qc7 13. Kb1 Be6 14. Qd2 Bxb3
15. cxb3 Rfc8 16. Bd3 b4 17. Rc1 Qb7 18. Bc4 Ne5 19. Bd5 Qb5 20. Bxa8 Rxa8 21.
Rc2 Nd3 22. Rd1 Nxb2 23. Rxb2 Bc3 24. Qd5 Qxd5 25. Rxd5 Bxb2 26. Kxb2 Rc8 27.
Rd4 Rc3 28. Bd2 {Black resigns} 1-0

[Event "Team 45 45 League T26"]
[Site "Internet Chess Club"]
[Date "2005.04.09"]
[Round "4"]
[White "Eatfatty"]
[Black "TheBrewer"]
[Result "1/2-1/2"]
[WhiteElo "1574"]
[BlackElo "1545"]
[TimeControl "2700+45"]

1. e4 e6 2. d4 d5 3. Nc3 dxe4 4. Nxe4 Bd7 5. Nf3 Bc6 6. Bd3 Nd7 7. O-O Ngf6 8.
Qe2 Be7 9. c3 O-O 10. Re1 Nxe4 11. Bxe4 Bxe4 12. Qxe4 c6 13. Bf4 Rc8 14. Rad1
Nf6 15. Qd3 Nh5 16. Bc1 Bd6 17. Ne5 Bxe5 18. dxe5 g6 19. Qe3 Qa5 20. a3 Rfd8 21.
g4 Ng7 22. Rxd8+ Rxd8 23. Qh6 Rd5 24. Qg5 Qd8 25. Qxd8+ Rxd8 26. Be3 a6 27. Bf4
Ne8 28. Re2 Nc7 29. Rd2 Rxd2 30. Bxd2 Kf8 31. c4 b5 32. b3 Kg7 33. g5 Kf8 34.
Kg2 Ke8 35. Kg3 Kd7 36. Kf3 c5 37. Ke4 Kc6 38. Kd3 Kb6 39. Be3 Kc6 40. Kc3 Na8
41. a4 b4+ 42. Kd3 Nb6 43. Ke4 {Game drawn by mutual agreement} 1/2-1/2

[Event "Team 45 45 League T26"]
[Site "Internet Chess Club"]
[Date "2005.04.11"]
[Round "4"]
[White "AlPearson"]
[Black "chesskix"]
[Result "0-1"]
[WhiteElo "1426"]
[BlackElo "1489"]
[TimeControl "2700+45"]

1. e4 c5 2. Nf3 Nc6 3. d4 cxd4 4. Nxd4 e5 5. Nb5 d6 6. Bc4 Nf6 7. N1c3 a6 8. Na3
Be7 9. Nd5 Nxe4 10. Nxe7 Qxe7 11. Qf3 Nf6 12. Bg5 Nd4 13. Qd3 Bf5 14. Qd1 Bg6
15. c3 Ne6 16. Bh4 Rd8 17. O-O O-O 18. Nc2 d5 19. Bb3 Nf4 20. Qf3 Be4 21. Qg3
Ne2+ {White resigns} 0-1

[Event "Team 45 45 League T26"]
[Site "Internet Chess Club"]
[Date "2005.04.11"]
[Round "4"]
[White "Joyoyo"]
[Black "fernbap"]
[Result "0-1"]
[WhiteElo "1678"]
[BlackElo "1754"]
[TimeControl "2700+45"]

1. e4 c5 2. Nf3 e6 3. d4 cxd4 4. Nxd4 a6 5. Nc3 Qc7 6. Be3 Nc6 7. f3 b5 8. Qd2
Bb7 9. O-O-O Nf6 10. g4 d6 11. Be2 Ne5 12. g5 Nfd7 13. h4 Rc8 14. f4 Nc4 15.
Bxc4 Qxc4 16. Qd3 Qxd3 17. Rxd3 b4 18. Nd5 exd5 19. exd5 Bxd5 20. Re1 Be4 21.
Rd2 d5 22. Nb3 Bd6 23. h5 O-O 24. Rf2 f6 25. Rg1 fxg5 26. Rxg5 Be7 27. Rg4 Bc5
28. Nxc5 Nxc5 29. Bd4 Ne6 30. Be5 Rc6 31. Rg3 Rfc8 32. c3 bxc3 33. Rxc3 Rxc3+
34. bxc3 d4 35. Kd2 dxc3+ 36. Bxc3 Rd8+ 37. Kc1 Rd3 38. Be5 Rg3 39. f5 Nc5 40.
Bxg3 Nd3+ 41. Kd2 Nxf2 42. Bxf2 Bxf5 43. Ke3 Be6 44. a3 Bf7 45. Kf4 Bxh5 46. Kg5
Be2 47. Bg3 Kf7 48. Bf4 Ke6 49. Bc1 h6+ 50. Kf4 g5+ 51. Kg3 Kf5 52. Be3 h5 53.
Kf2 Bc4 54. Bb6 h4 55. a4 Kg4 56. Bc7 Kh3 {White resigns} 0-1

[Event "Team 45 45 League T26"]
[Site "Internet Chess Club"]
[Date "2005.04.06"]
[Round "4"]
[White "Pawndemonium"]
[Black "jmoffitt"]
[Result "0-1"]
[WhiteElo "1689"]
[BlackElo "1639"]
[TimeControl "2700+45"]

1. Nf3 Nf6 2. g3 g6 3. Bg2 Bg7 4. O-O O-O 5. d3 d5 6. Re1 c5 7. Bg5 Nc6 8. a3 a5
9. Nbd2 b6 10. c4 Bb7 11. Rb1 Qd7 12. Qb3 Ra6 13. Bxf6 dxc4 14. Nxc4 Bxf6 15.
Nxb6 Qd8 16. Nd5 Qd7 17. Qc4 Qd6 18. Nd2 Ne5 19. Nxf6+ exf6 20. Qh4 Bc8 21. Ne4
Qe7 22. Nxf6+ Rxf6 23. Rbc1 Re6 24. Qa4 Nxd3 25. exd3 Rxe1+ 26. Rxe1 Qxe1+ 27.
Bf1 Ba6 28. Qc2 Rd8 29. Kg2 Bb7+ 30. f3 c4 31. Qxc4 Qd2+ 32. Kg1 Qe3+ 33. Kg2
Qxf3+ 34. Kg1 Qh1+ 35. Kf2 Qxh2+ 36. Ke1 {White resigns} 0-1

[Event "Team 45 45 League T26"]
[Site "Internet Chess Club"]
[Date "2005.04.11"]
[Round "4"]
[White "crankn8tr"]
[Black "RingLord"]
[Result "1-0"]
[WhiteElo "1537"]
[BlackElo "1534"]
[TimeControl "2700+45"]

1. e4 d6 2. d4 Nf6 3. Nc3 g6 4. Nf3 Bg7 5. h3 Nbd7 6. Be3 O-O 7. Be2 b6 8. Qd2
e5 9. d5 Nc5 10. Bxc5 bxc5 11. Bb5 Rb8 12. Rb1 Nxe4 13. Nxe4 Rxb5 14. O-O c4 15.
Qc3 Ba6 16. Rfe1 f5 17. Ned2 e4 18. Nd4 Rxd5 19. Qa3 Rxd4 20. Qxa6 Rxd2 21.
Qxc4+ Kh8 22. c3 Qh4 23. Re2 Rd3 24. Qxc7 Be5 25. Qxa7 Qf4 26. g3 Qf3 27. Re3
Rxe3 28. Qxe3 Qxe3 29. fxe3 Bxg3 30. a4 f4 31. Kg2 Rf5 32. b4 Bh4 33. b5 fxe3
34. b6 Rf8 35. b7 Rb8 36. a5 e2 37. a6 Rf8 38. a7 Rf2+ 39. Kg1 e3 40. b8=Q+ Kg7
41. a8=Q Bg3 42. Qaa7+ Kf6 43. Qxe3 Bh2+ 44. Kh1 Rf1+ 45. Kxh2 {Black resigns}
1-0

[Event "Team 45 45 League T26"]
[Site "Internet Chess Club"]
[Date "2005.04.09"]
[Round "4"]
[White "fgameiro"]
[Black "ogoon"]
[Result "0-1"]
[WhiteElo "1497"]
[BlackElo "1639"]
[TimeControl "2700+45"]

1. e4 e6 2. d4 d5 3. Nc3 Bb4 4. e5 c5 5. a3 cxd4 6. axb4 dxc3 7. bxc3 Qc7 8. Nf3
Qxc3+ 9. Bd2 Qc7 10. Bd3 Nc6 11. Qe2 Nge7 12. b5 Nd8 13. Nd4 O-O 14. O-O Ng6 15.
Rfe1 f6 16. Bb4 Rf7 17. Nf3 Nf4 18. Qe3 Nxd3 19. Qxd3 b6 20. Bd6 Qd7 21. c4 Nb7
22. Ba3 dxc4 23. Qxc4 Na5 24. Qe2 Bb7 25. Red1 Bd5 26. Rab1 Qb7 27. Ne1 fxe5 28.
Bb2 e4 29. f3 Bc4 30. Qe3 Bxb5 31. Bxg7 Rxg7 32. Rxb5 Nc4 33. Qh6 exf3 34. Qxe6+
Qf7 35. Qxf7+ Rxf7 36. Nxf3 Ne3 37. Rc1 Rd8 38. Rbb1 Rfd7 39. Kf2 Nf5 40. Rb5
Nd6 41. Rg5+ Kh8 42. Ne5 Ne4+ {White resigns} 0-1

[Event "Team 45 45 League T26"]
[Site "Internet Chess Club"]
[Date "2005.04.11"]
[Round "4"]
[White "BenjaminSisko"]
[Black "MrAnderssen"]
[Result "1-0"]
[WhiteElo "1665"]
[BlackElo "1667"]
[TimeControl "2700+45"]

1. Nf3 Nf6 2. g3 d5 3. Bg2 c5 4. d3 Nc6 5. Nbd2 e6 6. O-O Bd6 7. Re1 O-O 8. e4
Qc7 9. c3 b5 10. Qe2 dxe4 11. dxe4 Ne5 12. Nxe5 Bxe5 13. Nf3 Bb7 14. Nxe5 Qxe5
15. Bf4 Qh5 16. Qxb5 Rfc8 17. Qxb7 {Black resigns} 1-0

[Event "Team 45 45 League T26"]
[Site "Internet Chess Club"]
[Date "2005.04.09"]
[Round "4"]
[White "Thersites"]
[Black "Pilgrim"]
[Result "1-0"]
[WhiteElo "1693"]
[BlackElo "1588"]
[TimeControl "2700+45"]

1. e4 e6 2. d4 d5 3. Nd2 c5 4. c3 cxd4 5. cxd4 Nf6 6. e5 Nfd7 7. Bd3 Nc6 8. Ndf3
Qb6 9. Ne2 Nb4 10. O-O Nxd3 11. Qxd3 Be7 12. b3 a5 13. Bg5 Bb4 14. Rac1 Be7 15.
Bxe7 Kxe7 16. Nd2 Nf8 17. Rc5 Bd7 18. Rfc1 Ng6 19. Qc2 Rhc8 20. Qd3 Rxc5 21.
Rxc5 Nxe5 22. Qe3 Ng4 23. Qg5+ Nf6 24. Nf3 Qb4 25. Kf1 b6 26. Rc7 Rc8 27. Rxc8
Bxc8 28. Ne5 Ba6 29. Nc6+ Kd7 30. Nxb4 Ne4 31. Qxg7 axb4 32. Qxf7+ Kd6 33. Ke1
Bxe2 34. Kxe2 Nc3+ 35. Kd3 Nxa2 36. h4 Nc1+ 37. Kc2 Ne2 38. Qf8+ Kd7 39. Qxb4
{Black resigns} 1-0

[Event "Team 45 45 League T26"]
[Site "Internet Chess Club"]
[Date "2005.04.10"]
[Round "4"]
[White "Smart"]
[Black "dougmo"]
[Result "1/2-1/2"]
[WhiteElo "1604"]
[BlackElo "1543"]
[TimeControl "2700+45"]

1. e4 e6 2. d3 d5 3. Nd2 Nf6 4. Ngf3 b6 5. g3 dxe4 6. dxe4 Ba6 7. Bxa6 Nxa6 8.
O-O Be7 9. a4 O-O 10. Qe2 Nc5 11. b4 Ncd7 12. c3 c5 13. b5 Qc7 14. Nc4 Qb7 15.
e5 Nd5 16. Bb2 Rfd8 17. Rad1 Nf8 18. Rd3 a6 19. Ra1 axb5 20. axb5 Rxa1+ 21. Bxa1
Ra8 22. Rd1 Rxa1 23. Rxa1 Nxc3 24. Qd3 Nxb5 25. Rb1 Nd4 26. Nxd4 cxd4 27. Rxb6
Qd5 28. Ra6 f5 29. f4 Nd7 30. Ra7 Kf7 31. Nd2 Nc5 32. Qb5 Ne4 33. Qxd5 exd5 34.
Nf3 d3 35. Ng5+ Nxg5 36. fxg5 d2 37. Ra1 Ke6 38. Rd1 Bb4 39. Kf2 Kxe5 40. Kf3 d4
41. h4 h5 42. Ke2 Ke4 43. Rb1 d3+ 44. Kd1 Bc3 45. Rb8 Ke3 46. Rb5 f4 47. gxf4
Kxf4 48. Rc5 {Game drawn by mutual agreement} 1/2-1/2

[Event "Team 45 45 League T26"]
[Site "Internet Chess Club"]
[Date "2005.04.13"]
[Round "4"]
[White "Two-DogMan"]
[Black "rabanito"]
[Result "1-0"]
[WhiteElo "1518"]
[BlackElo "1437"]
[TimeControl "2700+45"]

1. e4 e5 2. Nf3 Nc6 3. Bb5 a6 4. Ba4 Nf6 5. Nc3 Be7 6. O-O b5 7. Bb3 d6 8. d3
O-O 9. Nd5 Bg4 10. Nxf6+ Bxf6 11. c3 Na5 12. Bc2 c5 13. a3 Nc6 14. Qe2 Rc8 15.
Bd1 b4 16. Qc2 Be6 17. axb4 cxb4 18. b3 bxc3 19. Qxc3 Nd4 20. Qb2 Nxb3 21. Bxb3
Rb8 22. Nd2 Bg5 23. Qa3 Bxd2 24. Bxe6 Bxc1 25. Qxc1 fxe6 26. Rxa6 Qd7 27. Ra1 d5
28. exd5 exd5 29. Qe3 Rf5 30. Ra7 d4 31. Rxd7 dxe3 32. fxe3 Rxf1+ 33. Kxf1 Rb1+
34. Kf2 Rb2+ 35. Kf3 Kf8 36. Rd5 Rd2 37. Rxe5 Rxd3 38. h4 Kf7 39. Re4 Rd6 40. g4
Re6 41. Rxe6 Kxe6 42. Kf4 h6 43. Ke4 Kf6 44. Kf4 g5+ 45. hxg5+ hxg5+ 46. Ke4 Ke6
47. Kd4 Kd6 48. e4 Ke6 49. e5 Ke7 50. Kd5 Kd7 51. e6+ Ke7 52. Ke5 Ke8 53. Kf6
Kf8 54. Kxg5 Kg7 55. Kf5 Kf8 56. g5 Ke7 57. g6 Kf8 58. Kf6 Kg8 59. e7 {Black
resigns} 1-0

[Event "Team 45 45 League T26"]
[Site "Internet Chess Club"]
[Date "2005.04.10"]
[Round "4"]
[White "rayngrant"]
[Black "Edinburgh"]
[Result "1-0"]
[WhiteElo "1621"]
[BlackElo "1590"]
[TimeControl "2700+45"]

1. e4 c5 2. Nf3 d6 3. d4 cxd4 4. Nxd4 Nf6 5. Nc3 e6 6. Bc4 a6 7. a4 Qc7 8. Bb3
Be7 9. Bg5 O-O 10. O-O Nbd7 11. f3 Qc5 12. Be3 Nb6 13. Nf5 {Black resigns} 1-0

[Event "Team 45 45 League T26"]
[Site "Internet Chess Club"]
[Date "2005.04.08"]
[Round "4"]
[White "KaissaXiaolin"]
[Black "crapalot"]
[Result "1-0"]
[WhiteElo "1627"]
[BlackElo "1633"]
[TimeControl "2700+45"]

1. d4 d5 2. e4 c6 3. Nc3 e6 4. Be3 Bb4 5. f3 Bxc3+ 6. bxc3 Qa5 7. Ne2 Nf6 8. Bd2
Qc7 9. e5 Nfd7 10. Ng3 c5 11. Bb5 a6 12. Bxd7+ Nxd7 13. O-O c4 14. Nh5 g6 15.
Nf4 O-O 16. Nh3 Nb6 17. Bh6 Re8 18. Qd2 Na4 19. Qf4 Nxc3 20. Qf6 Ne2+ 21. Kh1
{Black resigns} 1-0

[Event "Team 45 45 League T26"]
[Site "Internet Chess Club"]
[Date "2005.04.10"]
[Round "4"]
[White "Millwright"]
[Black "EquesQuartus"]
[Result "1-0"]
[WhiteElo "1348"]
[BlackElo "1516"]
[TimeControl "2700+45"]

1. e4 e6 2. d4 d5 3. e5 c5 4. c3 Nc6 5. Nf3 Qb6 6. Bd3 cxd4 7. cxd4 Bd7 8. Bc2
Bb4+ 9. Nc3 Nh6 10. O-O O-O-O 11. a3 Be7 12. Na4 Qc7 13. b4 b5 14. Nc5 Bxc5 15.
bxc5 Nf5 16. Bb2 Rdf8 17. Re1 Nfe7 18. Qd2 h6 19. Rab1 Na5 20. Bc3 Nc4 21. Qc1
Bc6 22. Rb4 Kd7 23. Nd2 Rb8 24. Nxc4 bxc4 25. Qb2 a5 26. Rb6 Qa7 27. Rb1 Kc7 28.
Bxa5 Qxa5 29. Rxb8 Rxb8 30. Qxb8+ Kd7 31. Qd6+ {Black resigns} 1-0

[Event "Team 45 45 League T26"]
[Site "Internet Chess Club"]
[Date "2005.04.09"]
[Round "4"]
[White "Xeranox"]
[Black "Gomer"]
[Result "1/2-1/2"]
[WhiteElo "1559"]
[BlackElo "1325"]
[TimeControl "2700+45"]

1. e4 e5 2. Nf3 Nc6 3. d4 exd4 4. Nxd4 Nf6 5. Nc3 d5 6. Nxc6 bxc6 7. Bg5 Be7 8.
Bxf6 Bxf6 9. Qd3 Bxc3+ 10. Qxc3 Bb7 11. Qxg7 Rf8 12. Qxh7 Qe7 13. Bd3 O-O-O 14.
Qf5+ Kb8 15. O-O-O Bc8 16. Qf4 d4 17. h4 c5 18. h5 Rg8 19. Rdg1 Qe6 20. b3 Rg4
21. Qd2 Bb7 22. f3 Rg3 23. h6 Ba6 24. h7 Rh8 25. Rh6 Rg6 26. Rgh1 Bxd3 27. cxd3
Qf6 28. R1h4 Qg7 29. Rh2 Qf6 30. Rxg6 Qxg6 31. Qh6 Qg3 32. Qf6 Qe1+ 33. Kb2 Qc3+
34. Kb1 Qe1+ 35. Kc2 Qe2+ {Game drawn by mutual agreement} 1/2-1/2

[Event "Team 45 45 League T26"]
[Site "Internet Chess Club"]
[Date "2005.04.11"]
[Round "4"]
[White "moreffee"]
[Black "SandiaCaveMan"]
[Result "1-0"]
[WhiteElo "1441"]
[BlackElo "1339"]
[TimeControl "2700+45"]

1. e4 c5 2. Nf3 Nc6 3. Nc3 e5 4. Bc4 Nf6 5. d3 h6 6. O-O d6 7. h3 g5 8. Nh2 Rg8
9. Nd5 h5 10. Nxf6+ Qxf6 11. Qxh5 Rh8 12. Qxg5 Qxg5 13. Bxg5 Rg8 14. h4 Be7 15.
Bxe7 Nxe7 16. g3 Ng6 17. Nf3 Nf4 18. Ng5 Ne6 19. Nh7 Ke7 20. Kh2 Rg7 21. Bxe6
Bxe6 22. Ng5 f6 23. Nxe6 Kxe6 24. f4 exf4 25. Rxf4 Rag8 26. Rg1 Ke5 27. Rf5+ Kd4
28. Rxf6 Ke3 29. Rf5 Kd2 30. Rg2+ Kc1 31. b3 Kb2 32. a4 a5 33. Rd5 Rg6 34. Kh3
b6 35. g4 Kc3 36. h5 Rf6 37. Rf5 Rff8 38. Rxf8 Rxf8 39. Kg3 Kb4 40. Rf2 Rg8 41.
Rf6 b5 42. axb5 Kxb5 43. Rxd6 Kb4 44. Rf6 Kc3 45. Rf2 Rg5 46. Rf5 {Black
resigns} 1-0

[Event "Team 45 45 League T26"]
[Site "Internet Chess Club"]
[Date "2005.04.06"]
[Round "4"]
[White "Mutaant"]
[Black "NineMilly"]
[Result "1-0"]
[WhiteElo "1197"]
[BlackElo "1163"]
[TimeControl "2700+45"]

1. e4 e6 2. Bb5 Nf6 3. d3 Be7 4. Nc3 a6 5. Bc4 d5 6. exd5 exd5 7. Bb3 O-O 8. h3
Nc6 9. a3 Re8 10. Nge2 Bc5 11. Bg5 Be7 12. Qd2 h6 13. Bxf6 Bxf6 14. O-O-O Bxc3
15. Nxc3 Be6 16. g4 Nd4 17. Ba2 Nf3 18. Qf4 Qg5 19. Qxg5 Nxg5 20. Nxd5 Rac8 21.
f4 Nxh3 22. f5 Nf2 23. fxe6 fxe6 24. Nf4 Rb8 25. Nxe6 Re7 26. Nxc7+ Kh7 27. Nd5
Re5 28. Rde1 Rg5 29. Rhg1 Nxg4 30. Re4 Rf8 31. Rexg4 Kg6 32. Rxg5+ hxg5 33. Nb6
Rf4 34. Bd5 g4 35. Bxb7 Kg5 36. Nd5 Rf5 37. Ne3 Rb5 38. Rxg4+ Kf6 39. Bxa6 Re5
40. Kd2 g5 41. d4 Ra5 42. Bc4 Ra8 43. Nd5+ Kf5 44. Be2 Rd8 45. Bf3 Rh8 46. b4
Rh3 47. Ke3 Rh2 48. c4 Ra2 49. Kd3 Rxa3+ 50. Nc3 Rb3 51. b5 Rb2 52. c5 Rf2 53.
Ke3 Rc2 54. Nd5 Rb2 55. b6 Rb3+ 56. Kf2 Rb5 57. Ne7+ Ke6 58. Rxg5 Kxe7 59. b7
Rb2+ 60. Ke3 Kf6 61. Rg8 Rb3+ 62. Kf4 Kf7 63. b8=Q Rxb8 64. Rxb8 Ke7 65. c6 Kd6
66. Rb7 Ke6 67. c7 Kd7 68. Bg4+ Kc6 69. c8=Q+ Kd5 70. Rd7# {Black checkmated}
1-0

[Event "Team 45 45 League T26"]
[Site "Internet Chess Club"]
[Date "2005.04.10"]
[Round "4"]
[White "fuzzface"]
[Black "markev"]
[Result "0-1"]
[WhiteElo "1329"]
[BlackElo "1333"]
[TimeControl "2700+45"]

1. e4 c5 2. c4 d6 3. Nc3 Nc6 4. h3 e5 5. Nf3 Nf6 6. Bd3 Bd7 7. a3 a6 8. b3 Qa5
9. Bb2 Nd4 10. O-O b5 11. b4 Qc7 12. cxb5 axb5 13. Nxd4 cxd4 14. Nxb5 Qb7 15. a4
Be7 16. Rc1 O-O 17. Rc7 Qb8 18. Rc1 Bxb5 19. axb5 Ra2 20. Qb3 Ra8 21. Ra1 Nh5
22. Rxa8 Qxa8 23. Ra1 Qd8 24. Qc4 Bh4 25. Be2 Nf4 26. Bg4 Ng6 27. Ra6 Qf6 28.
Qf1 h6 29. g3 Bg5 30. h4 Bxd2 31. h5 Ne7 32. b6 Qg5 33. Qe2 d3 34. Qd1 Rb8 35.
Bf3 Bxb4 36. Qxd3 Nc6 37. Qd5 Ne7 38. Qd1 Bc5 39. Bc1 Qf6 40. Qb3 d5 41. b7 Qxa6
42. exd5 Nf5 43. Qb2 Nd4 44. Be3 Rxb7 45. Qc3 Nxf3+ 46. Kg2 Bxe3 47. Qxe3 Ng5
48. Qxe5 Qa3 49. Qe8+ Kh7 50. Qe2 Re7 51. Qxe7 Qxe7 {White resigns} 0-1

[Event "Team 45 45 League T26"]
[Site "Internet Chess Club"]
[Date "2005.04.12"]
[Round "4"]
[White "cazj"]
[Black "Fogbound"]
[Result "1-0"]
[WhiteElo "1323"]
[BlackElo "1326"]
[TimeControl "2700+45"]

1. e4 Nc6 2. d4 d6 3. Nf3 Bg4 4. Bb5 a6 5. Bxc6+ bxc6 6. Qd3 e6 7. b3 Nf6 8. Bg5
Be7 9. c4 O-O 10. O-O Nh5 11. Bxe7 Qxe7 12. h3 Nf4 13. Qe3 Nxh3+ 14. gxh3 Bxh3
15. Rc1 Qf6 16. Kh2 Bg4 17. Nbd2 c5 18. d5 Rab8 19. Rg1 exd5 20. cxd5 Rfe8 21.
Qg5 Qb2 22. Qxg4 Rb4 23. Rae1 Rd4 24. Qxg7# {Black checkmated} 1-0

[Event "Team 45 45 League T26"]
[Site "Internet Chess Club"]
[Date "2005.04.08"]
[Round "4"]
[White "klt713"]
[Black "Midwest-Rook"]
[Result "1-0"]
[WhiteElo "1211"]
[BlackElo "1196"]
[TimeControl "2700+45"]

1. d4 d5 2. c4 e6 3. Nf3 Nf6 4. Bg5 Be7 5. Bxf6 Bxf6 6. Nc3 a6 7. e3 Nc6 8. Be2
e5 9. O-O e4 10. Nd2 Be6 11. Nb3 b6 12. Rc1 Be7 13. Nd2 Bd6 14. cxd5 Bxh2+ 15.
Kxh2 Qd6+ 16. Kg1 Bxd5 17. Ndxe4 Qd8 18. Bh5 g6 19. Nxd5 gxh5 20. Nef6+ Kf8 21.
Qxh5 h6 22. Rxc6 Ra7 23. Rfc1 b5 24. Rxc7 Rxc7 25. Rxc7 {Black resigns} 1-0

[Event "Team 45 45 League T26"]
[Site "Internet Chess Club"]
[Date "2005.04.10"]
[Round "4"]
[White "ardsrfc"]
[Black "chessateer"]
[Result "0-1"]
[WhiteElo "1825"]
[BlackElo "1816"]
[TimeControl "2700+45"]

1. b3 e5 2. Bb2 Nc6 3. e3 Nf6 4. c4 d5 5. cxd5 Nxd5 6. Nc3 Nxc3 7. Bxc3 Bd6 8.
Qc2 O-O 9. Nf3 Qe7 10. h3 f5 11. Bc4+ Be6 12. Bxe6+ Qxe6 13. d4 e4 14. Nd2 Nb4
15. Bxb4 Bxb4 16. Qc4 Qxc4 17. bxc4 c5 18. Rb1 a5 19. a4 cxd4 20. exd4 Rac8 21.
Rc1 Rfd8 22. d5 Rxd5 23. Rc2 Rxd2 24. Rxd2 Rd8 {White resigns} 0-1

[Event "Team 45 45 League T26"]
[Site "Internet Chess Club"]
[Date "2005.04.11"]
[Round "4"]
[White "jantonio"]
[Black "chsrules88"]
[Result "0-1"]
[WhiteElo "1653"]
[BlackElo "1833"]
[TimeControl "2700+45"]

1. Nf3 Nf6 2. g3 Nc6 3. Bg2 e5 4. d3 d5 5. O-O Bd6 6. Nbd2 Bg4 7. h3 Bh5 8. a3
a5 9. Qe1 Bxf3 10. exf3 O-O 11. Qd1 Nd4 12. Re1 c6 13. Nf1 Nf5 14. Ne3 Nxe3 15.
Bxe3 Re8 16. c3 b5 17. Qc2 Nd7 18. Rad1 f5 19. d4 e4 20. Qd2 Nb6 21. Qc1 Qc7 22.
b3 a4 23. fxe4 fxe4 24. b4 Nc4 25. Kh2 Rf8 26. Bg5 Rxf2 27. Bh4 Raf8 28. Rf1 Be7
29. Bxe7 Qxe7 30. Rxf2 Rxf2 31. Rf1 Qf6 32. Rxf2 Qxf2 33. Qg5 h6 34. Qd8+ Kh7
{White resigns} 0-1

[Event "Team 45 45 League T26"]
[Site "Internet Chess Club"]
[Date "2005.04.08"]
[Round "4"]
[White "nir8888"]
[Black "sigma33"]
[Result "1-0"]
[WhiteElo "1635"]
[BlackElo "1486"]
[TimeControl "2700+45"]

1. d4 d5 2. Nf3 Nf6 3. Bf4 e6 4. e3 Nbd7 5. Bd3 c5 6. c3 Be7 7. Nbd2 a6 8. Ne5
cxd4 9. exd4 b5 10. a3 Bb7 11. Qe2 Rc8 12. O-O Nb6 13. Ndf3 Ne4 14. Nd2 Nxd2 15.
Bxd2 Bf6 16. f4 Nc4 17. Bc1 O-O 18. Rf3 Nxe5 19. fxe5 Bg5 20. Rg3 Bxc1 21. Rxc1
Rc7 22. Bxh7+ Kxh7 23. Rh3+ Kg8 24. Qh5 f5 25. Qg6 Qe7 26. Rf1 Qf7 27. Qh7#
{Black checkmated} 1-0

[Event "Team 45 45 League T26"]
[Site "Internet Chess Club"]
[Date "2005.04.08"]
[Round "4"]
[White "bigarrow"]
[Black "Zornorph"]
[Result "0-1"]
[WhiteElo "1848"]
[BlackElo "1974"]
[TimeControl "2700+45"]

1. e4 e5 2. Nf3 d6 3. d4 exd4 4. Nxd4 Nf6 5. Nc3 Be7 6. Bf4 O-O 7. Be2 Re8 8.
Qd2 Nc6 9. O-O-O Nxd4 10. Qxd4 Be6 11. h4 a6 12. h5 h6 13. f3 Nd7 14. Qd2 Nb6
15. g4 Nc4 16. Bxc4 Bxc4 17. Rdg1 Bg5 18. Bxg5 hxg5 19. h6 Qf6 20. hxg7 Kxg7 21.
Rh5 Re5 22. Rgh1 Rg8 23. Qe3 b6 24. b3 Be6 25. Ne2 Kf8 26. Nd4 Bd7 27. Rh6 Qe7
28. Qe2 d5 29. Qxa6 dxe4 30. Qa8+ Qe8 31. Qb7 Qc8 32. Qxc8+ Bxc8 33. Re1 e3 34.
c4 Bb7 35. Rh3 Kg7 36. Nf5+ Kf6 37. Rxe3 Rxe3 38. Nxe3 Ke5 39. Rh7 Rf8 40. Nd5
Bxd5 41. cxd5 Kf6 42. Rh6+ Ke5 43. Rc6 Kxd5 44. Rxc7 f5 45. Rg7 Kd4 46. Rxg5 f4
47. Kd2 Ra8 48. a4 b5 49. Rxb5 Rh8 50. Rh5 Rb8 51. Rf5 Rxb3 52. Rxf4+ Kd5 53. a5
Ra3 54. Rf5+ Kd4 55. Kc2 Kc4 56. Kb2 Rb3+ 57. Kc2 Ra3 58. Kd2 Kd4 59. Rf4+ Kd5
60. Rf7 Kd4 61. g5 Ra2+ 62. Kc1 Rxa5 63. g6 Ra1+ 64. Kb2 Rg1 65. g7 Rg2+ 66. Kb3
Ke5 67. Kc4 Ke6 68. Ra7 Kf6 69. Kd4 Rg1 70. Ke4 Rg3 {White forfeits on time} 0-1

[Event "Team 45 45 League T26"]
[Site "Internet Chess Club"]
[Date "2005.04.07"]
[Round "4"]
[White "megamaster"]
[Black "Stav"]
[Result "1-0"]
[WhiteElo "2068"]
[BlackElo "1656"]
[TimeControl "2700+45"]

1. e4 d6 2. Nc3 Nf6 3. d4 e5 4. dxe5 dxe5 5. Qxd8+ Kxd8 6. Bg5 Be7 7. O-O-O+
Nfd7 8. Bxe7+ Kxe7 9. Nd5+ Kd8 10. Nf3 f6 11. Bc4 c6 12. Ne3 Kc7 13. Nd2 a5 14.
Nf5 Nb6 15. Nxg7 Nxc4 16. Nxc4 Rg8 17. Nh5 Rxg2 18. Nxf6 Be6 19. Ne8+ Kc8 20.
Nb6# {Black checkmated} 1-0

[Event "Team 45 45 League T26"]
[Site "Internet Chess Club"]
[Date "2005.04.09"]
[Round "4"]
[White "Fegary"]
[Black "MrAnderssen"]
[Result "0-1"]
[WhiteElo "1701"]
[BlackElo "1685"]
[TimeControl "2700+45"]

1. e4 c5 2. Nc3 Nc6 3. Nge2 d6 4. Nf4 Nf6 5. Bc4 e6 6. d3 Be7 7. Be3 O-O 8. g4
Ne5 9. g5 Nfg4 10. Bd2 Bxg5 11. Qe2 Nxc4 12. dxc4 Ne5 13. O-O-O Bd7 14. Rhg1 Bf6
15. Nh5 a6 16. Nxf6+ Qxf6 17. Rg3 b5 18. Bg5 Qg6 19. Be7 Qh6+ 20. Kb1 Rfe8 21.
Bxd6 Nxc4 22. Bxc5 Bc6 23. Rdg1 g6 24. f3 a5 25. Rg5 Red8 26. R5g2 Rd2 27. Qe1
b4 28. Nd1 Rad8 29. Rxd2 Rxd2 30. b3 Na3+ 31. Kb2 Rxc2+ {White resigns} 0-1

[Event "Team 45 45 League T26"]
[Site "Internet Chess Club"]
[Date "2005.04.10"]
[Round "4"]
[White "houseofcook"]
[Black "hotzoddy"]
[Result "1-0"]
[WhiteElo "1309"]
[BlackElo "1298"]
[TimeControl "2700+45"]

1. e4 e6 2. d4 d5 3. e5 c5 4. c3 Nc6 5. Nf3 Qb6 6. a3 Nge7 7. b4 cxd4 8. cxd4
Nf5 9. Be3 Be7 10. Be2 O-O 11. O-O Nxe3 12. fxe3 Bd7 13. Nbd2 a6 14. Bd3 Na7 15.
Rc1 Bb5 16. Nb1 Bxd3 17. Qxd3 Nb5 18. Rc2 Rac8 19. Rfc1 Rc7 20. Rxc7 Nxc7 21.
Qb3 f6 22. Nc3 Rd8 23. Na4 Qb5 24. Rxc7 Kf7 25. Qc2 g6 26. Qc5 Qxc5 27. Nxc5 b6
28. exf6 Kxf6 29. Nd7+ Kf5 30. Nde5 Bd6 31. Rf7+ Ke4 32. Kf2 a5 33. Rf4# {Black
checkmated} 1-0